AoeStats
← THL

Arabia

508985421Analyzed
1v1 RM · 8d ago on Sep 25, 2026· 28m 55s· 2 players
Game mode
Random Map
Map size
Tiny (2 player)
Population
200
Speed
Normal
Resources
Standard
Victory
Conquest
Starting age
Dark Age
Ending age
Imperial Age
RankedLock teamsTeams togetherTeam positionsShared explorationLock speedFull tech treeHidden civsTurbo modeCheats
Victory
Defeat
🇲🇽 Hindustanis · Mexico
1876
+12
🇻🇳 Tatars · Vietnam
1779
-12
THL
6:22 Loom
8:55 Feudal Age
11:51 Double-Bit Axe
19:52 Castle Age
19:37 Fletching
21:21 Bow Saw
LittleHog
5:58 Loom
8:48 Feudal Age
10:17 Double-Bit Axe
10:36 Horse Collar
16:02 Fletching
20:22 Castle Age
21:16 Bodkin Arrow
20:41 Crossbowman
22:03 Bow Saw
22:36 Ballistics
26:37 Wheelbarrow
27:32 Padded Archer Armor
Connection lost

Rejoining the realm…

Still unreachable

The connection could not be restored.

Session expired

The server has moved on; the page needs a fresh start.